 Dungeon Crawl Stone Soup version 0.22-a0-603-gfc1114d (webtiles) character file.

29 Amnesiac the Magician (level 3, 0/19 HPs)
             Began as a Deep Elf Wizard on July 8, 2018.
             Slain by an orc (2 damage)
             ... on level 1 of the Dungeon.
             The game lasted 00:01:01 (925 turns).

Amnesiac the Magician (Deep Elf Wizard)              Turns: 925, Time: 00:01:02

Health: 0/19       AC:  2    Str:  4    XL:     3   Next: 1%
Magic:  7/11       EV: 13    Int: 23    God:
Gold:   28         SH:  0    Dex: 13    Spells: 6/11 levels left

rFire    . . .     SeeInvis .   (no weapon)
rCold    . . .     Gourm    .   (no shield)
rNeg     . . .     Faith    .   a - +0 robe
rPois    .         Spirit   .   (no helmet)
rElec    .         Reflect  .   (no cloak)
rCorr    .         Harm     .   (no gloves)
MR       .....                  (no boots)
Stlth    ++........             (no amulet)
HPRegen  0.06/turn              (no ring)
MPRegen  0.12/turn              (no ring)

@: no status effects
A: no striking features
a: no special abilities


You were on level 1 of the Dungeon.
You were not hungry.

You visited 1 branch of the dungeon, and saw 2 of its levels.

You collected 28 gold pieces.

Inventory:

Armour
 a - a +0 robe (worn)
Scrolls
 g - a scroll of teleportation {!r, unknown}
 h - a scroll of remove curse {!r, unknown}
Potions
 c - a potion of lignification {!q, unknown}
 e - a potion of heal wounds {!q, unknown}
 f - a potion of ambrosia {!q, unknown}
Comestibles
 d - 2 rations


   Skills:
 - Level 2.4 Dodging
 - Level 2.4 Stealth
 - Level 4.5 Spellcasting
 * Level 3.2 Conjurations
 - Level 1.1 Summonings
 - Level 1.1 Translocations


You had 6 spell levels left.
You knew the following spells:

 Your Spells              Type           Power        Failure   Level  Hunger
a - Magic Dart            Conj           ###.         2%          1    None
b - Call Imp              Summ           ##......     10%         2    None
v - Blink                 Tloc           N/A          10%         2    None

Your spell library contained the following spells:

 Spells                   Type           Power        Failure   Level  Hunger
 Conjure Flame            Conj/Fire      ##......     16%         3    ##.....
 Slow                     Hex            #.......     16%         2    None
 Mephitic Cloud           Conj/Pois/Air  ##......     19%         3    ##.....


Dungeon Overview and Level Annotations

Branches:
Dungeon (2/15)

Altars:


Message History

Done exploring.
Casting: Magic Dart (safe; 2% risk of failure)
Confirm with . or Enter, or press ? or * to list all spells.
You can't see any susceptible monsters within range! (Use Z to cast anyway.) Done exploring.
Casting: Magic Dart (safe; 2% risk of failure)
Confirm with . or Enter, or press ? or * to list all spells.
You can't see any susceptible monsters within range! (Use Z to cast anyway.) Done exploring.
There is a stone staircase leading down here.
You climb downwards.
A ball python comes into view.
The orc hits you.
The jackal barks!
The jackal misses you. The orc barely misses you. The jackal misses you.
You hear a shout!
The ball python hisses angrily.
There is a stone staircase leading up, spattered with blood here.
There are monsters nearby!
Casting: Magic Dart (safe; 2% risk of failure)
Confirm with . or Enter, or press ? or * to list all spells.
Aiming: Magic Dart (safe; 2% risk of failure)
Press: ? - help, Shift-Dir - straight line, f - orc
Aim: an orc, wearing a leather armour The magic dart hits the orc.
The orc is heavily wounded.
A bat comes into view.
A kobold comes into view.
The jackal bites you but does no damage.
The orc hits you. The jackal barely misses you. The orc hits you.
* * * LOW HITPOINT WARNING * * *
You climb upwards.
There is a stone staircase leading down here.
The orc hits you.
* * * LOW HITPOINT WARNING * * *
The jackal bites you.
* * * LOW HITPOINT WARNING * * *
Casting: Magic Dart (safe; 2% risk of failure)
Confirm with . or Enter, or press ? or * to list all spells.
Aiming: Magic Dart (safe; 2% risk of failure)
Press: ? - help, Shift-Dir - straight line, f - jackal
Aim: a jackal The magic dart hits the jackal.
The jackal is moderately wounded.
The jackal barely misses you. The jackal misses you.
Casting: Magic Dart (safe; 2% risk of failure)
Confirm with . or Enter, or press ? or * to list all spells.
Aiming: Magic Dart (safe; 2% risk of failure)
Press: ? - help, Shift-Dir - straight line, f/p - jackal
Aim: a jackal (moderately wounded)
The magic dart hits the jackal.
You kill the jackal!
You have reached level 3!
Your experience leads to an increase in your attributes!
Increase (S)trength, (I)ntelligence, or (D)exterity?
You feel clever.
Casting: Magic Dart (safe; 2% risk of failure)
Confirm with . or Enter, or press ? or * to list all spells.
Aiming: Magic Dart (safe; 2% risk of failure)
Press: ? - help, Shift-Dir - straight line, f - orc
Aim: an orc, wearing a leather armour (heavily wounded)
The magic dart hits the orc.
The orc is heavily wounded.
The orc hits you.
You die...

#..P.P..#..#.# #.#
#.P#≈#P.#....# #.#
#.##≈##.###..# #.#
#.≈≈≈≈≈.# #..## #.#
#.##≈##.# ##..# #.#
#.P#≈#P.####..# #.#
#..P.P.......># #.#
#........####o#######
#.# ####.....#
#@#.....# #.# #######
#.#.###.####.#
#.#..........#
#.#.#.#.######
#.#.#.#.# #.#.#.#.#
#.#.#.#.# #.#.#.#.#
#.#...#.#########


You could see an orc.

Vanquished Creatures
  4 dart slugs (D:1)
  2 goblins (D:1)
  2 hobgoblins (D:1)
  2 jackals (D:1)
  A quokka (D:2)
  A bat (D:1)
  A frilled lizard (D:1)
  4 kobolds (D:1)
  5 rats (D:1)
22 creatures vanquished.

Notes
Turn   | Place    | Note
-------+----------+-------------------------------------------
     0 | D:1      | Amnesiac the Deep Elf Wizard began the quest for the Orb.
     0 | D:1      | Reached XP level 1. HP: 10/10 MP: 7/7
   449 | D:1      | Reached XP level 2. HP: 15/15 MP: 7/9
   453 | D:1      | Learned a level 2 spell: Blink
   456 | D:1      | Learned a level 2 spell: Call Imp
   924 | D:1      | Reached XP level 3. HP: 1/19 MP: 7/11
   925 | D:1      | Slain by an orc

Vault maps used:
D:1:      eino_arrival_water_cross, nrook_mini_backslash, minmay_misc_feat_room
D:2:      lemuel_coloured_pillars_altar, first_ration, nicolae_ru_path_of_blood

Skill      XL: |  1  2 |
---------------+-------+-----
Conjurations   | 2 3 |  3.2
Dodging        | |  2.4
Stealth        | |  2.4
Spellcasting   | |  4.5
Summonings     | |  1.1
Translocations | |  1.1

Action                   || total
-------------------------++-------
 Cast: Magic Dart        ||    51
Armor: Robe              ||     2
Dodge: Dodged            ||    17

Table legend:
 A = Spawn XP
 B = Non-spawn XP
 C = Spawn XP percentage of total XP
 D = Spawn monster count
 E = Non-spawn monster count
 F = Spawn count percentage of total count
 G = Total turns spent on level
                    A         B        C        D         E        F      G
               +---------+---------+-------+---------+---------+-------+---------
         Total |       0 |      42 |   0.0 |       0 |      22 |   0.0 |   925
               +---------+---------+-------+---------+---------+-------+---------
           D:1 |       0 |      40 |   0.0 |       0 |      21 |   0.0 |   916
           D:2 |       0 |       2 |   0.0 |       0 |       1 |   0.0 |     9
               +---------+---------+-------+---------+---------+-------+---------
